 Dungeon Crawl Stone Soup version 0.31-a0-175-g9f7f995f2b (webtiles) character file.

Game seed: 7797780968365946497

37 Moral the Trooper (level 3, 0/30 HPs)
             Began as a Barachi Fighter on June 17, 2023.
             Slain by a gnoll
             ... wielding a +0 flail
              (6 damage)
             ... on level 2 of the Dungeon.
             The game lasted 00:03:07 (1418 turns).

Moral the Trooper (Barachi Fighter)                 Turns: 1418, Time: 00:03:07

Health: 0/30       AC:  8    Str: 17    XL:     3   Next: 39%
Magic:  3/3        EV:  9    Int:  8    God:
Gold:   118        SH:  5    Dex: 13    Spells: 2/2 levels left

rFire   . . .        a - +0 long sword
rCold   . . .        c - +0 buckler
rNeg    . . .        b - +1 scale mail
rPois   .            (no helmet)
rElec   .            (no cloak)
rCorr   .            (no gloves)
SInv    .            (no boots)
Will    .....        (no amulet) Stlth
                     (no ring)
HPRegen 0.25/turn    (no ring)
MPRegen 0.08/turn

%: no passive effects
@: slow
A: amphibious, slowness 1, strong legs 1, +LOS
a: Hop


You were on level 2 of the Dungeon.
You visited 1 branch of the dungeon, and saw 2 of its levels.

You collected 118 gold pieces.

Inventory:

Hand Weapons
 a - a +0 long sword (weapon)
Armour
 b - a +1 scale mail (worn)
 c - a +0 buckler (worn)
Scrolls
 e - a scroll of poison {unknown}
 f - a scroll of noise {unknown}
 h - 2 scrolls of enchant weapon {unknown}
Potions
 d - 2 potions of might
 g - a potion of attraction {unknown}
 i - a potion of mutation {unknown}


   Skills:
 + Level 4.1 Fighting
 + Level 3.0 Long Blades
 + Level 4.1 Armour
 + Level 3.7 Shields


You had 2 spell levels left.
You didn't know any spells.
Your spell library contained the following spells:

 Spells                   Type           Power      Damage    Failure   Level
 Vhi's Electric Charge    Tloc/Air       0%         N/A       99%         3
 Arcjolt                  Conj/Air       0%         1d10      100%        5
 Maxwell's Capacitive Co  Air            0%         ∞         100%        8


Dungeon Overview and Level Annotations

Branches:
Dungeon (2/15)

Altars:
Elyvilon

Shops:
D:1 [*(


Innate Abilities, Weirdness & Mutations

You are amphibious.
You cover ground slowly.
You can hop short distances.
You have an extended range of vision and can be seen from far away.


Message History

An endoplasm is nearby!
The endoplasm hits you but does no damage.
You slash the endoplasm!
You kill the endoplasm!
You now have 107 gold pieces (gained 13).
h - 2 scrolls labelled HISHRU JODUCUTHRIQ (gained 1)
A bat comes into view.
A bat is nearby!
A bat is nearby!
The bat hits you but does no damage. x2
You block the bat's attack.
You hit the bat.
You kill the bat!
i - an orange potion
Found a dented peridot amulet.
You now have 118 gold pieces (gained 11).
A gnoll comes into view. It is wielding a +0 halberd.
The gnoll shouts!
You hear a shout!
A gnoll comes into view. It is wielding a +0 flail.
The gnoll moves out of view.
You hear a shout! x2
A gnoll comes into view. It is wielding a +0 flail.
The gnoll shouts!
A gnoll comes into view. It is wielding a +0 whip.
The gnoll moves out of view.
The gnoll hits you from afar with a +0 halberd.
The gnoll closely misses you. The gnoll barely misses you.
You slash the gnoll!
The gnoll is severely wounded.
The gnoll hits you with a +0 halberd.
You slash the gnoll!
The gnoll is heavily wounded.
The gnoll hits you with a +0 halberd. The gnoll barely misses you.
You block the gnoll's attack. The gnoll hits you with a +0 flail.
You slash the gnoll!
You kill the gnoll!
The gnoll hits you with a +0 flail! The gnoll hits you with a +0 halberd.
* * * LOW HITPOINT WARNING * * *
The gnoll attacks as you move away! The gnoll hits you with a +0 flail.
You die...

.......##...##+##.#.#
........+...........#
####...##...........#
#...##...........#
#...##.##........#
.................###...
#######.####.#.....g....
#.# #.##g#####..# #.#
#..@g........ #.
####g#####..# #.# ...
#.## ... #.# #.# #.#


You could see 3 gnolls.

Vanquished Creatures
  A gnoll (D:2)
  3 endoplasms
  3 giant cockroaches
  2 goblins (D:1)
  5 hobgoblins
  3 ball pythons
  4 bats
  2 frilled lizards
  4 rats (D:1)
27 creatures vanquished.

Notes
Turn   | Place    | Note
-------+----------+-------------------------------------------
     0 | D:1      | Moral the Barachi Fighter began the quest for the Orb.
     0 | D:1      | Reached XP level 1. HP: 18/18 MP: 1/1
   213 | D:1      | Found Giusykku's Weapon Shop.
   304 | D:1      | Found Sewiomn's General Store.
   306 | D:1      | Found Mutsat's Armour Emporium.
   327 | D:1      | Reached XP level 2. HP: 25/25 MP: 2/2
  1216 | D:2      | Found a white marble altar of Elyvilon.
  1322 | D:2      | Reached XP level 3. HP: 30/30 MP: 3/3
  1418 | D:2      | Slain by a gnoll

Illustrated notes

Levels and vault maps discovered:
D:1:      minmay_arrival_split_and_join, layout_basic, serial_shops, shop, shop,
          nicolae_shop_hallway_stairs, minmay_ruptured
D:2:      layout_basic, basic_altar, serial_bayou_crossing, uniq_robin

Skill      XL: |  1  2  3 |
---------------+----------+-----
Fighting       | 4 |  4.1
Long Blades    | 3 |  3.0
Armour         | 4 |  4.1
Shields        | |  3.7

Action                     || total
---------------------------++-------
  Melee: Long sword        ||    86
Ability: Hop               ||     1
    Use: Scroll            ||     2
         Potion            ||     2
 Armour: Scale mail        ||    57
  Dodge: Dodged            ||    53
  Block: Buckler           ||    30

Table legend: (Time is in decaauts)
 A = Elapsed time spent in this place.
 B = Non-inter-level travel time spent in this place.
 C = Inter-level travel time spent in this place.
 D = Time resting spent in this place.
 E = Time spent auto-exploring this place.
 F = Levels seen in this place.
 G = Mean time per level.
                   A        B        C        D        E       F      G
               +--------+--------+--------+--------+--------+-----+--------+
         Total |   1679 |   1679 |      0 |    162 |   1077 |   2 |  839.5 |
       Dungeon |   1679 |   1679 |      0 |    162 |   1077 |   2 |  839.5 |
               +--------+--------+--------+--------+--------+-----+--------+

Top non-repeatable levels by time:
     D:1: 1438 daAuts
     D:2: 241 daAuts
